 Dungeon Crawl Stone Soup version 0.18.1-5-g4a78601 (webtiles) character file.

137 Zhenya25pyc the Covered (level 5, -23/33 HPs)
             Began as a Gargoyle Fighter on May 14, 2016.
             Annihilated by an ogre
             ... wielding a +0 giant club
              (29 damage)
             ... on level 3 of the Dungeon.
             The game lasted 00:04:38 (2686 turns).

Zhenya25pyc the Covered (Gargoyle Fighter)          Turns: 2686, Time: 00:04:39

Health: -23/33     AC: 11    Str: 21    XL:     5   Next: 20%
Magic:  5/5        EV:  7    Int:  8    God:
Gold:   160        SH:  9    Dex:  9    Spells: 0 memorised, 4 levels left

rFire  . . .     SeeInvis .     a - +0 flail
rCold  . . .     Gourm    .     b - +0 scale mail
rNeg   + . .     Faith    .     c - +0 shield
rPois  ∞         Spirit   .     (no helmet)
rElec  +         Dismiss  .     (no cloak)
rCorr  .         Reflect  .     (no gloves)
SustAt .         Harm     .     (no boots)
MR     .....                    (no amulet)
Stlth  ..........               (no ring)
                                e - ring of loudness (curse)

@: not resistant to hostile enchantments, extremely unstealthy
A: negative energy resistance 1, electricity resistance, unbreathing,
petrification resistance, rot immunity, AC +4
a: no special abilities


You were on level 3 of the Dungeon.
You were not hungry.

You visited 1 branch of the dungeon, and saw 3 of its levels.

You collected 160 gold pieces.

Inventory:

Hand Weapons
 a - a +0 flail (weapon)
Armour
 b - a +0 scale mail (worn)
 c - a +0 shield (worn)
Jewellery
 e - a cursed ring of loudness (left hand)
Scrolls
 g - 2 scrolls of identify {unknown}
 i - a scroll of enchant armour {unknown}
 k - 2 scrolls of amnesia {unknown}
 n - 3 scrolls of remove curse {unknown}
 p - 3 scrolls of teleportation {unknown}
 t - a scroll of fear {unknown}
 u - a scroll of fog {unknown}
 v - a scroll of magic mapping {unknown}
Potions
 d - 3 potions of might
 h - 4 potions of curing {unknown}
 j - a potion of degeneration {unknown}
 m - a potion of agility {unknown}
 s - a potion of magic {unknown}
Comestibles
 f - 3 bread rations
 l - a meat ration
 o - a fruit
 q - a royal jelly


   Skills:
 + Level 4.0 Fighting
 * Level 3.4 Maces & Flails
 + Level 4.1 Armour
 + Level 4.1 Shields


You had 4 spell levels left.
You didn't know any spells.

Dungeon Overview and Level Annotations

Branches:
Dungeon (3/15)

Altars:
Ashenzari
Dithmenos
Gozag
Sif Muna
The Shining One


Innate Abilities, Weirdness & Mutations

You are resistant to torment.
Your stone body is resilient (AC +4).
You are immune to poison.
You resist negative energy.
You are resistant to electric shocks.
You can survive without breathing.
You are immune to petrification.
You are immune to rotting.


Message History

You closely miss the orc priest. The giant cockroach bites you.
The orc throws a tomahawk.
The tomahawk hits you but does no damage.
The giant cockroach closely misses you.
An orc comes into view. It is wielding a falchion of venom.
You barely miss the ogre.
The orc shouts!
The orc priest barely misses you. You block the giant cockroach's attack.
The ogre hits you with a giant club!
Ouch! That really hurt!
* * * LOW HITPOINT WARNING * * *
The orc priest splashes around in the water.
You are too injured to fight recklessly!
You are too injured to fight recklessly!
You are too injured to fight recklessly!
You are too injured to fight recklessly!
You closely miss the orc priest. You block the giant cockroach's attack.
The ogre hits you with a giant club!!
Ouch! That really hurt!
You die...

#.# #≈≈(
### #.#
#≈≈... #
#.# #≈≈....
#
#.##≈≈.....
#.#≈≈......
#.#≈.......
#.#≈......♣
#.()O......
#.'@s......
###oo...o[♣
#≈oo.....
#≈≈......
##≈≈.....
#≈≈....
#≈≈...
#≈≈..


You could see an ogre, an orc priest, 4 orcs and a giant cockroach.

Vanquished Creatures
  An orc priest (D:3)
  4 adders (D:2)
  2 oozes
  A worm (D:3)
  2 giant geckos
  3 orcs (D:3)
  2 ball pythons
  6 giant cockroaches
  8 goblins
  5 hobgoblins
  2 jackals (D:3)
  3 kobolds (D:1)
  2 quokkas
  3 bats
  A giant newt (D:2)
  5 rats
50 creatures vanquished.

Notes
Turn   | Place    | Note
--------------------------------------------------------------
     0 | D:1      | Zhenya25pyc the Gargoyle Fighter began the quest for the Orb.
     0 | D:1      | Reached XP level 1. HP: 14/14 MP: 1/1
   156 | D:1      | Reached XP level 2. HP: 19/19 MP: 2/2
   809 | D:2      | Reached XP level 3. HP: 23/23 MP: 3/3
   832 | D:2      | HP: 1/23 [quokka (1)]
  1266 | D:2      | Reached XP level 4. HP: 18/29 MP: 4/4
  1777 | D:3      | Found a shadowy altar of Dithmenos.
  1804 | D:3      | Found a glowing golden altar of the Shining One.
  1826 | D:3      | Found a shattered altar of Ashenzari.
  1965 | D:3      | Found an opulent altar of Gozag.
  2104 | D:3      | Found a deep blue altar of Sif Muna.
  2183 | D:3      | Reached XP level 5. HP: 22/33 MP: 5/5
  2681 | D:3      | Noticed an ogre
  2686 | D:3      | Annihilated by an ogre

Skill      XL: |  1  2  3  4  5 |
---------------+----------------+-----
Armour         | 4 |  4.1
Maces & Flails | 3 |  3.4
Shields        | 4 |  4.1
Fighting       | 4 |  4.0

Action                   |  1- 3 |  4- 6 || total
-------------------------+-------+-------++-------
Melee: Flail             |   134 |   120 ||   254
  Eat: Chunk             |     1 |     5 ||     6
Armor: Scale mail        |   109 |   104 ||   213
Dodge: Dodged            |    45 |    48 ||    93
Block: Shield            |    94 |   117 ||   211
